 Dungeon Crawl Stone Soup version 0.20-a0-1114-g33edf32 (webtiles) character file.

35818 wyrdjoy the Severer (level 13, 0/115 HPs)
             Began as a Minotaur Berserker on May 6, 2017.
             Was a High Priest of Trog.
             Slain by a sea snake (14 damage)
             ... on level 6 of the Lair of Beasts.
             The game lasted 01:08:06 (18332 turns).

wyrdjoy the Severer (Minotaur Berserker)           Turns: 18332, Time: 01:08:08

Health: 0/115      AC: 21    Str: 23    XL:     13   Next: 49%
Magic:  18/18      EV:  9    Int:  4    God:    Trog [*****.]
Gold:   1009       SH:  0    Dex: 14    Spells: 12/12 levels left

rFire    . . .     SeeInvis .   U - +1 glaive (distort)
rCold    + . .     Gourm    .   (shield currently unavailable)
rNeg     . . .     Faith    .   k - +4 chain mail {rC+}
rPois    .         Spirit   .   (helmet restricted)
rElec    .         Reflect  .   h - +0 cloak
rCorr    .         Harm     .   Z - +0 pair of gloves
MR       +....                  a - +0 pair of boots
Stlth    ..........             (no amulet)
Regen    0.3/turn               w - +1 ring of protection
MPRegen  0.2/turn               A - ring of protection from magic

@: lethally poisoned (0 -> -13), slowed, very slow
A: retaliatory headbutt, horns 2
a: Berserk, Trog's Hand, Brothers in Arms, Burn Spellbooks, Renounce Religion


You were on level 6 of the Lair of Beasts.
You worshipped Trog.
Trog was extremely pleased with you.
You were very hungry.

You visited 3 branches of the dungeon, and saw 18 of its levels.
You also visited: Labyrinth.

You collected 1009 gold pieces.

Inventory:

Hand Weapons
 c - a cursed -3 war axe
 U - a +1 glaive of distortion (weapon)
Missiles
 y - 3 javelins of returning (quivered)
Armour
 a - a +0 pair of boots (worn)
 h - a +0 cloak (worn)
 k - a +4 chain mail of cold resistance (worn)
 J - the +0 ring mail of the Hidden Vale {+Fly rElec rC+ Dex+7}
   (You found it on level 3 of the Lair of Beasts)

   It affects your dexterity (+7).
   It protects you from cold.
   It insulates you from electricity.
   It lets you fly.
 Z - a +0 pair of gloves (worn)
Jewellery
 n - an uncursed ring of resist corrosion
 w - a +1 ring of protection (left hand)
 A - a ring of protection from magic (right hand)
Wands
 i - a wand of digging (6/24)
 p - a wand of polymorph (13/24)
 q - a wand of enslavement (10/24)
 r - a wand of paralysis (13/24)
 x - a wand of iceblast (9/15)
 B - a wand of flame (21/48)
 C - a wand of polymorph (11/24)
 E - a wand of lightning (3/15)
 K - a wand of scattershot (4/9)
 N - a wand of enslavement (10/24)
 P - a wand of digging (14/24)
 V - a wand of lightning (6/15)
 W - a wand of acid (3/15)
 Y - a wand of paralysis (15/24)
Scrolls
 b - 5 scrolls of teleportation
 e - a scroll of random uselessness {unknown}
 g - 2 scrolls of immolation {unknown}
 j - 5 scrolls of remove curse
 m - 3 scrolls of enchant armour {unknown}
 o - 2 scrolls of fear {unknown}
 s - a scroll of fog {unknown}
 z - 3 scrolls of enchant weapon {unknown}
 L - a scroll of vulnerability {unknown}
 R - a scroll of amnesia {unknown}
 S - 3 scrolls of holy word {unknown}
 T - 2 scrolls of recharging {unknown}
 X - a scroll of noise {unknown}
Potions
 d - a potion of brilliance {unknown}
 l - 2 potions of cancellation
 t - a potion of agility
 D - 2 potions of might
 G - 2 potions of invisibility
 H - 2 potions of heal wounds
 I - 8 potions of curing
 M - 2 potions of resistance
 Q - a potion of flight
Miscellaneous
 F - a phantom mirror
Comestibles
 f - 5 meat rations
 O - a royal jelly


   Skills:
 * Level 10.8 Fighting
 + Level 19.5 Axes
 * Level 10.8 Armour
 - Level 2.1 Dodging
 - Level 1.0 Stealth
 - Level 1.2 Unarmed Combat
 * Level 8.4 Evocations


You had 12 spell levels left.
You didn't know any spells.

Dungeon Overview and Level Annotations

Branches:
Dungeon (11/15)            Temple (0/1) D:7            Lair (6/6) D:10
  Swamp (0/4) Lair:4       Spider (0/4) Lair:3        Slime (0/5) Lair:6
    Orc (1/2) D:9

Altars:
Dithmenos
Nemelex Xobeh
Okawaru
Ru
The Shining One
Beogh
Jiyva

Shops:
D:7 (   D:10 *


Innate Abilities, Weirdness & Mutations

You reflexively headbutt those who attack you in melee.
You have a pair of horns on your head.


Message History

You hear a loud, deep croak!
The sea snake bites you but does no damage.
The sea snake closely misses you. You furiously retaliate!
You headbutt the sea snake, but do no damage.
Your troll goes berserk!
You are feeling very hungry.
* * * LOW HITPOINT WARNING * * *
You feel very sick.
The sea snake bites you but does no damage.
The wind drake completely misses you. You furiously retaliate!
You headbutt the wind drake.
The sea snake bites you but does no damage.
You hit the fungus.
The fungus is lightly damaged.
* * * LOW HITPOINT WARNING * * *
You feel very sick. The wind drake bites you.
* * * LOW HITPOINT WARNING * * *
The sea snake bites you!
You die...

# ##.###....(.........
..# #...##..............
...##..P.#...P...#....#.
#................P..###.
.P..PP#..)..............
........#.......#P####..
..PP#.†..#......### ##.
## #TP......_..# #.
##.@.....>.## ##
###Sk/.#...## ##.
#....†.....$# #..
............≈≈#≈≈ ...
....≈..≈≈...≈≈≈≈. ...
≈##≈≈.#≈≈.#≈≈##≈≈ ##.
#≈≈##≈≈.#≈≈# ≈ ##. P≈≈≈
≈≈≈≈≈≈≈≈≈ ≈≈≈ ≈≈≈≈
≈≈≈≈#≈≈≈P≈ P≈.


You could see a sea snake, a wind drake and a friendly troll (berserk).

Vanquished Creatures
  A minotaur (Lab)
  Erolcha (D:10)
  4 hydras
  A two-headed ogre (D:10)
  An orc knight (Orc:1)
  2 oklob plants
  5 elephants
  Joseph (D:7)
  A black mamba (Lair:4)
  23 spiny frogs
  3 rime drakes
  2 komodo dragons
  A jumping spider (Lair:3)
  A troll (D:9)
  2 polar bears
  2 hippogriffs
  3 blink frogs (Lair:2)
  6 wyverns
  19 yaks
  A human (D:8)
  A hungry ghost (Lab)
  4 hogs (D:8)
  4 vampire mosquitoes (D:9)
  2 swamp worms (Lair:4)
  Edmund (D:5)
  A warg (Orc:1)
  6 water moccasins
  11 porcupines
  6 orc warriors
  3 ice beasts
  A necrophage (D:10)
  A sky beast (D:9)
  A phantom (D:4)
  8 ogres
  9 centaurs
  16 crocodiles
  14 bullfrogs
  2 big kobolds (D:10)
  A scorpion (D:6)
  15 killer bees
  4 wights (D:8)
  2 electric eels
  A howler monkey (D:5)
  2 crimson imps
  3 centaur skeletons
  A centaur zombie (D:7)
  4 hounds
  4 jellies
  6 orc priests
  3 orc wizards
  A bullfrog skeleton (D:6)
  Ijyb (D:5)
  4 iguanas
  9 worker ants
  Robin (D:2)
  A worker ant zombie (D:9)
  3 gnolls (D:10)
  12 adders
  4 shadow imps
  An ooze (D:2)
  An adder skeleton (D:6)
  2 worms
  6 leopard geckos
  32 orcs
  6 bats
  8 giant cockroaches
  10 goblins
  16 hobgoblins
  18 jackals
  17 kobolds
  3 quokkas
  A frilled lizard (D:2)
  A quokka skeleton (D:6)
  2 quokka zombies (D:6)
  8 rats
  A fungus (Lair:3)
386 creatures vanquished.

Vanquished Creatures (collateral kills)
  A hydra (Lair:5)
1 creature vanquished.

Vanquished Creatures (others)
  2 two-headed ogres (D:10)
  A black mamba (Lair:1)
  An elephant (Lair:6)
  A rime drake (Lair:1)
  3 spiny frogs
  A hippogriff (Lair:5)
  2 yaks
  A bullfrog (Lair:2)
  An earth elemental (Lab)
  4 fungi
17 creatures vanquished.

Grand Total: 404 creatures vanquished

Notes
Turn   | Place    | Note
-------+----------+-------------------------------------------
     0 | D:1      | wyrdjoy the Minotaur Berserker began the quest for the Orb.
     0 | D:1      | Reached XP level 1. HP: 19/19 MP: 0/0
    66 | D:1      | Reached skill level 4 in Axes
   226 | D:1      | Reached XP level 2. HP: 26/26 MP: 1/1
   854 | D:2      | Reached skill level 5 in Axes
   886 | D:2      | Reached ** piety under Trog
   886 | D:2      | Reached XP level 3. HP: 23/31 MP: 2/2
  1206 | D:2      | Found a shadowy altar of Dithmenos.
  1371 | D:2      | Reached XP level 4. HP: 29/39 MP: 3/3
  1373 | D:2      | Reached skill level 6 in Axes
  1395 | D:2      | Noticed Robin
  1796 | D:2      | Killed Robin
  2058 | D:3      | Reached XP level 5. HP: 45/45 MP: 4/4
  2187 | D:3      | Reached skill level 7 in Axes
  2192 | D:3      | Reached *** piety under Trog
  2387 | D:3      | Noticed a centaur
  2401 | D:3      | Killed a centaur
  2401 | D:3      | Reached skill level 8 in Axes
  2401 | D:3      | Reached XP level 6. HP: 26/51 MP: 5/5
  3125 | D:4      | Reached skill level 9 in Axes
  3368 | D:4      | Reached skill level 1 in Stealth
  3545 | D:4      | Reached XP level 7. HP: 57/57 MP: 6/6
  3738 | D:5      | Entered Level 5 of the Dungeon
  3781 | D:5      | Reached skill level 10 in Axes
  3950 | D:5      | Reached skill level 11 in Axes
  4145 | D:5      | Found a sparkling altar of Nemelex Xobeh.
  4148 | D:5      | Noticed Ijyb
  4173 | D:5      | Killed Ijyb
  4173 | D:5      | Reached XP level 8. HP: 64/64 MP: 7/7
  4521 | D:5      | Noticed Edmund
  4536 | D:5      | Killed Edmund
  4827 | D:5      | Reached skill level 12 in Axes
  4878 | D:6      | Reached **** piety under Trog
  4885 | D:6      | Got a bronze ring mail
  4896 | D:6      | Identified the +5 ring mail "Ugyaj" {Str+2} (You found it on level 6 of the Dungeon)
  4961 | D:6      | Reached skill level 1 in Unarmed Combat
  5091 | D:6      | Reached skill level 13 in Axes
  5492 | D:7      | Reached XP level 9. HP: 61/70 MP: 8/8
  5511 | D:7      | Reached skill level 14 in Axes
  5773 | D:7      | Found Ziphan Peegi's Weapon Boutique.
  5814 | D:7      | Noticed Joseph
  5827 | D:7      | Killed Joseph
  5827 | D:7      | Reached skill level 15 in Axes
  6311 | D:7      | Found a staircase to the Ecumenical Temple.
  6607 | D:8      | Reached ***** piety under Trog
  6607 | D:8      | Reached skill level 16 in Axes
  6972 | D:8      | Reached XP level 10. HP: 77/77 MP: 9/9
  7386 | D:9      | Found a staircase to the Orcish Mines.
  7410 | D:9      | Reached skill level 17 in Axes
  7479 | D:9      | Found an iron altar of Okawaru.
  7504 | D:9      | Received a gift from Trog
  8234 | Orc:1    | Entered Level 1 of the Orcish Mines
  8344 | Orc:1    | Reached skill level 18 in Axes
  8363 | Orc:1    | Found a roughly hewn altar of Beogh.
  8420 | Orc:1    | Noticed an orc knight
  8437 | Orc:1    | Killed an orc knight
  8759 | D:10     | Entered Level 10 of the Dungeon
  8833 | D:10     | Reached XP level 11. HP: 76/83 MP: 10/10
  9135 | D:10     | Noticed a two-headed ogre
  9141 | D:10     | Banished a two-headed ogre
  9141 | D:10     | Reached skill level 1 in Evocations
  9145 | D:10     | Found a staircase to the Lair.
  9168 | D:10     | Found Usoerch's Elemental Accessories.
  9289 | D:10     | Noticed Erolcha
  9295 | D:10     | Killed Erolcha
  9354 | D:10     | Reached skill level 5 in Fighting
  9858 | D:10     | Noticed a two-headed ogre
  9861 | D:10     | Banished a two-headed ogre
  9873 | D:10     | Noticed a two-headed ogre
  9876 | D:10     | Killed a two-headed ogre
  9876 | D:10     | Reached skill level 5 in Armour
 10135 | Lair:1   | Entered Level 1 of the Lair of Beasts
 10491 | Lair:1   | Found a labyrinth entrance.
 10521 | Lab      | Entered a labyrinth
 11405 | Lab      | Noticed a minotaur
 11410 | Lab      | Killed a minotaur
 11521 | Lab      | Got an ancient ring mail
 11533 | Lab      | Identified the cursed +1 ring mail "Lomubbucs" {MR+} (You found it in a labyrinth)
 11981 | Lair:1   | Noticed a four-headed hydra
 11986 | Lair:1   | Killed a six-headed hydra
 11986 | Lair:1   | Reached skill level 19 in Axes
 11986 | Lair:1   | Reached XP level 12. HP: 77/100 MP: 14/14
 12425 | Lair:2   | Reached skill level 5 in Evocations
 12866 | Lair:2   | Noticed a four-headed hydra
 12871 | Lair:2   | Killed a seven-headed hydra
 13699 | Lair:2   | Received a gift from Trog
 14233 | Lair:3   | Noticed a six-headed hydra
 14241 | Lair:3   | Killed a ten-headed hydra
 14453 | Lair:3   | Got a bloodstained ring mail
 14492 | Lair:3   | Identified the +0 ring mail of the Hidden Vale {+Fly rElec rC+ Dex+7} (You found it on level 3 of the Lair of Beasts)
 14536 | Lair:3   | Found a hole to the Spider Nest.
 15152 | Lair:3   | Found a glowing golden altar of the Shining One.
 15696 | Lair:4   | Noticed a five-headed hydra
 15706 | Lair:4   | Killed a nine-headed hydra
 16171 | Lair:4   | Found a sacrificial altar of Ru.
 16230 | Lair:4   | Reached XP level 13. HP: 113/113 MP: 17/17
 16516 | Lair:4   | Found a staircase to the Swamp.
 17007 | Lair:5   | Reached skill level 10 in Armour
 17071 | Lair:5   | Reached skill level 10 in Fighting
 17922 | Lair:6   | Entered Level 6 of the Lair of Beasts
 18281 | Lair:6   | Found a viscous altar of Jiyva.
 18292 | Lair:6   | Found a staircase to the Slime Pits.
 18332 | Lair:6   | Slain by a sea snake

Vault maps used:
D:1:      scummos_arrival_forest, solitary_fountain, st_stairs_7
D:2:      grunt_dithmenos_smoke_and_mirrors, uniq_robin
D:3:      first_bread, minmay_misc_feat_encased
D:5:      basic_altar, gup_sewer_entry_bubbles, uniq_ijyb, uniq_edmund
D:6:      minmay_misc_feat_hallway
D:7:      hangedman_cross_stitches, minmay_temple_entry_poolview, serial_shops,
          shop, uniq_joseph
D:8:      grunt_livestock
D:9:      orc_0_dummy, basic_altar
D:10:     lair_entry_dummy, nicolae_elemental_shop, uniq_erolcha
D:11:     minmay_pinched_square
Lair:1:   lab_entry_generic
Lair:2:   st_stairs_8, beast_lair_carwin_3, grunt_megastairs_4,
          lemuel_fruit_fields, serial_bayou_shore_b, lemuel_fruit_tree
Lair:3:   spider_nest_entry_a, basic_altar, nicolae_quartered_pool_little,
          beast_lair_carwin_5
Lair:4:   nicolae_swamp_entry_splash_gauntlet, basic_altar, grunt_megastairs_2
Lair:6:   gammafunk_lair_ancient_temple, slime_altar_1
Orc:1:    basic_altar, special_room
Lab:      nicolae_lab_dead_end, nicolae_lab_very_dead_end

Skill      XL: |  1  2  3  4  5  6  7  8  9 10 11 12 13 |
---------------+----------------------------------------+-----
Axes           | 4 5 6 8 9 11 13 16 18 19 | 19.5
Stealth        | 1 |  1.0
Unarmed Combat | 1 |  1.2
Fighting       | 7 9 10 | 10.8
Armour         | 6 9 10 | 10.8
Evocations     | 4 7 8 |  8.4
Dodging        | |  2.1

Action                   |  1- 3 |  4- 6 |  7- 9 | 10-12 | 13-15 || total
-------------------------+-------+-------+-------+-------+-------++-------
Melee: Hand axe          |    70 |   159 |   264 |    41 |       ||   534
       Headbutt          |     9 |    23 |    59 |    98 |    33 ||   222
       Unarmed           |       |       |    15 |       |       ||    15
       Trident           |       |       |     2 |       |       ||     2
       Punch             |       |       |     1 |     1 |       ||     2
       Glaive            |       |       |       |   477 |   153 ||   630
Invok: Berserk           |     1 |     4 |     7 |    13 |     4 ||    29
       Trog's Hand       |       |     1 |       |     1 |       ||     2
       Brothers in Arms  |       |       |       |       |     2 ||     2
       Burn Spellbooks   |       |       |       |       |     1 ||     1
Evoke: Wand              |       |       |       |       |     2 ||     2
  Use: Scroll            |       |       |     2 |    12 |     3 ||    17
  Eat: Chunk             |     2 |    11 |    16 |    15 |     7 ||    51
       Fruit             |       |       |       |    10 |     5 ||    15
       Meat ration       |       |       |       |     4 |       ||     4
Armor: Animal skin       |     4 |       |       |       |       ||     4
       Ring mail         |    19 |       |    64 |   114 |       ||   197
       Chain mail        |     7 |    63 |       |   108 |    95 ||   273
       Ice dragon scales |       |       |    28 |       |       ||    28
Dodge: Dodged            |    30 |    53 |    98 |   249 |    55 ||   485
